 Dungeon Crawl Stone Soup version 0.30-a0-939-gc8157cb160 (webtiles) character file.

Game seed: 18014511115093436835

8344 gohu the Severer (level 11, -14/101 HPs)
             Began as a Hill Orc Fighter on Mar 25, 2023.
             Was an Elder of Okawaru.
             Demolished by a white ugly thing (33 damage)
             ... on level 10 of the Dungeon.
             The game lasted 00:27:44 (8572 turns).

gohu the Severer (Hill Orc Fighter)                 Turns: 8572, Time: 00:27:45

Health: -14/101    AC: 19    Str: 24    XL:     11   Next: 29%
Magic:  5/12       EV:  9    Int:  8    God:    Okawaru [****..]
Gold:   641        SH:  5    Dex: 10    Spells: 10/10 levels left

rFire   . . .      SeeInvis .    E - +6 executioner's axe (vamp)
rCold   . . .      Faith    .    (shield currently unavailable)
rNeg    . . .      Spirit   .    n - +1 plate armour
rPois   .          Reflect  +    (no helmet)
rElec   .          Rampage  .    G - +0 cloak
rCorr   .                        f - +0 pair of gloves
Will    +....                    (no boots) Stlth
                                 A - amulet of reflection
HPRegen 0.36/turn                q - +4 ring of slaying
MPRegen 0.13/turn                L - ring of willpower

@: heroic, finesse-ful
A: no striking features
a: Renounce Religion, Heroism, Finesse


You were on level 10 of the Dungeon.
You worshipped Okawaru.
Okawaru was greatly pleased with you.
You visited 2 branches of the dungeon, and saw 11 of its levels.
You also visited: Ossuary and Bailey.

You collected 641 gold pieces.

Inventory:

Hand Weapons
 a - a +0 war axe
 d - a +2 war axe of freezing
 w - the +1 triple sword of Lumocw {freeze, rF+ rCorr Dex+3}
   (You found it in a bailey)

   Dex:       It affects your dexterity (+3).
   rF:        It protects you from fire.
   rCorr:     It protects you from acid and corrosion.
 E - a +6 vampiric executioner's axe (weapon)
Missiles
 r - 7 boomerangs
 t - 10 javelins (quivered)
 x - 2 throwing nets
 H - 6 boomerangs of dispersal
Armour
 b - a +0 scale mail
 c - a +0 buckler
 f - a +0 pair of gloves (worn)
 n - a +1 plate armour (worn)
 G - a +0 cloak (worn)
Jewellery
 i - a ring of magical power
 q - a +4 ring of slaying (left hand)
 A - an amulet of reflection (around neck)
 D - a ring of poison resistance
 L - a ring of willpower (right hand)
 O - a ring of willpower
Wands
 y - a wand of flame (12)
 B - a wand of iceblast (6)
 I - a wand of mindburst (13)
 P - a wand of acid (5)
Scrolls
 g - a scroll of enchant armour
 h - a scroll of fear
 l - 7 scrolls of teleportation
 p - 4 scrolls of poison
 s - 3 scrolls of noise
 v - 4 scrolls of blinking
 F - 2 scrolls of identify
 M - a scroll of amnesia
 N - a scroll of immolation {unknown}
Potions
 e - a potion of ambrosia
 j - 2 potions of magic
 k - 4 potions of curing
 m - 4 potions of attraction
 o - 2 potions of degeneration
 u - 3 potions of haste
 z - 3 potions of might
 C - a potion of cancellation
 J - a potion of mutation
 K - 2 potions of berserk rage {unknown}


   Skills:
 * Level 10.7(15.7) Fighting
 * Level 17.3(22.3) Axes
 + Level 7.7(12.7) Armour
 - Level 3.2(8.2) Shields
 * Level 1.5 Invocations
 * Level 0.5 Evocations


You had 10 spell levels left.
You didn't know any spells.
Your spell library contained the following spells:

 Spells                   Type           Power      Damage    Failure   Level
 Apportation              Tloc           0%         N/A       99%         1
 Beastly Appendage        Tmut           0%         N/A       99%         1
 Freeze                   Ice            0%         1d3       99%         1
 Necrotise                Necr           0%         1d4       99%         1
 Slow                     Hex            0%         N/A       99%         1
 Blink                    Tloc           0%         N/A       99%         2
 Cigotuvi's Dreadful Rot  Necr/Pois/Air  0%         N/A       99%         2
 Ensorcelled Hibernation  Hex/Ice        0%         N/A       99%         2
 Lesser Beckoning         Tloc           0%         N/A       99%         2
 Poisonous Vapours        Pois/Air       0%         N/A       99%         2
 Wereblood                Tmut           0%         N/A       99%         2
 Confusing Touch          Hex            0%         N/A       100%        3
 Frozen Ramparts          Ice            0%         1d1       100%        3
 Gell's Gravitas          Tloc           0%         N/A       100%        3
 Hailstorm                Conj/Ice       0%         3d3       100%        3
 Mephitic Cloud           Conj/Pois/Air  0%         N/A       100%        3
 Spider Form              Tmut/Pois      0%         N/A       100%        3
 Teleport Other           Tloc           0%         N/A       100%        3
 Vampiric Draining        Necr           0%         2d6       100%        3
 Anguish                  Hex/Necr       0%         N/A       100%        4
 Manifold Assault         Tloc           0%         N/A       100%        4
 Eringya's Noxious Bog    Tmut/Pois      0%         N/A       100%        6
 Storm Form               Tmut/Air       0%         N/A       100%        7
 Summon Small Mammal      Summ           Unusable   N/A       N/A         1
 Summon Forest            Summ/Tloc      Unusable   N/A       N/A         5
 Summon Hydra             Summ           Unusable   N/A       N/A         7

Dungeon Overview and Level Annotations

Branches:
Dungeon (10/15)            Temple (1/1) D:6            Lair (0/5) D:8
Ossuary (visited)          Bailey (visited)
    Orc: D:9-12

Altars:
Ashenzari
Cheibriados
Dithmenos
Elyvilon
Fedhas
Hepliaklqana
Kikubaaqudgha
Makhleb
Nemelex Xobeh
Okawaru
Ru
Sif Muna
Trog
Uskayaw
Vehumet
Wu Jian
Xom
Yredelemnul
Zin

Shops:
D:9 (

Annotations:
D:7 2 transporters, AppleFox63's ghost, novice MiFi
D:9 2 transporters


Message History

You barely miss the white ugly thing.
The white ugly thing is heavily wounded.
The vampire gestures wildly while chanting.
The vampire flickers and vanishes!
Deactivating autopickup; reactivate with Ctrl-A.
The white ugly thing gores you. The white ugly thing freezes you!!
* * * LOW HITPOINT WARNING * * *
Okay, then.
Unknown command.
You gain the combat prowess of a mighty hero.
You can no longer enter into single combat with a foe.
Okawaru will no longer gift you equipment.
The white ugly thing gores you but does no damage.
You fail to use your ability.
Something hits you but does no damage. Something bites you but does no damage.
The white ugly thing misses you.
You can now deal lightning-fast blows.
The white ugly thing gores you but does no damage.
Something hits you but does no damage. You block something's attack.
You closely miss the white ugly thing.
The white ugly thing is heavily wounded.
You barely miss something. Something hits you!
* * * LOW HITPOINT WARNING * * *
Something bites you but does no damage.
The white ugly thing gores you but does no damage.
You barely miss the white ugly thing.
The white ugly thing is heavily wounded.
You hit something. You hit the white ugly thing.
The white ugly thing is heavily wounded.
You closely miss something. You hit the white ugly thing.
You feel better.
The white ugly thing is heavily wounded.
You closely miss something. Something hits you but does no damage.
Something bites you.
* * * LOW HITPOINT WARNING * * *
Something draws strength from your injuries!
The white ugly thing gores you.
* * * LOW HITPOINT WARNING * * *
The white ugly thing freezes you!!
You die...

#...##................
#... ##...............
#... #...............
#...
##................
..#..................
.....................
........$............
......†..............
......u@.............
......{..............
.....................
.....#....##..#.....
.....#...?#.### ....
#... #....##..## ...
... ##...####.# ...
#...##..##
..###...#.###


You could see a white ugly thing.

Vanquished Creatures
  A two-headed ogre (D:8)
  Joseph (D:8)
  A troll (D:10)
  A hornet (D:9)
  A shadow (D:7)
  A wyvern (D:6)
  5 yaks (D:9)
  2 steam dragons (D:8)
  An acid dragon (D:8)
  4 water moccasins
  11 orc warriors
  5 black bears
  3 ice beasts
  8 centaurs
  An elf zombie (Ossuary)
  3 kobold brigands
  3 scorpions
  5 bullfrogs
  2 elf skeletons (D:6)
  12 wights
  7 howler monkeys
  A human zombie (Ossuary)
  6 orc priests
  2 hounds
  A jelly (D:5)
  A gnoll bouda (D:6)
  2 human skeletons (D:6)
  10 orc wizards
  2 mummies (Ossuary)
  7 gnolls
  12 adders
  A shadow imp (D:6)
  A white imp (D:5)
  An ufetubus (D:6)
  2 adder zombies (Ossuary)
  4 dart slugs
  49 orcs
  10 ball pythons
  5 bats
  6 endoplasms
  7 giant cockroaches
  6 goblins
  11 hobgoblins
  4 jackals (D:1)
  19 kobolds
  4 quokkas
  3 frilled lizards
  A goblin zombie (Ossuary)
  13 hobgoblin zombies (Ossuary)
  A jackal zombie (Ossuary)
  7 kobold zombies (Ossuary)
  An orc skeleton (D:6)
  10 orc zombies
  8 rats
  2 rat zombies (Ossuary)
298 creatures vanquished.

Vanquished Creatures (others)
  20 fungi (D:8)
  23 plants
43 creatures vanquished.

Grand Total: 341 creatures vanquished

Notes
Turn   | Place    | Note
-------+----------+-------------------------------------------
     0 | D:1      | gohu the Hill Orc Fighter began the quest for the Orb.
     0 | D:1      | Reached XP level 1. HP: 19/19 MP: 1/1
    46 | D:1      | Reached XP level 2. HP: 27/27 MP: 2/2
    71 | D:1      | Reached skill level 3 in Axes
   192 | D:1      | Reached XP level 3. HP: 33/33 MP: 3/3
   445 | D:1      | Reached skill level 4 in Axes
   724 | D:2      | Reached XP level 4. HP: 41/41 MP: 4/4
   824 | D:2      | Found a faded altar of an unknown god.
   952 | D:2      | Reached skill level 5 in Axes
  1528 | D:3      | Reached XP level 5. HP: 47/47 MP: 5/5
  1643 | D:3      | Found a sacrificial altar of Ru.
  1646 | D:3      | Found a hazy altar of Hepliaklqana.
  1699 | D:3      | Reached skill level 6 in Axes
  2237 | D:5      | Entered Level 5 of the Dungeon
  2380 | D:4      | Reached XP level 6. HP: 45/55 MP: 6/6
  2619 | D:4      | Reached skill level 5 in Fighting
  2623 | D:4      | Reached skill level 7 in Axes
  3042 | D:6      | Reached XP level 7. HP: 52/61 MP: 7/7
  3090 | D:6      | Noticed a wyvern
  3093 | D:6      | Reached skill level 8 in Axes
  3097 | D:6      | Killed a wyvern
  3120 | D:6      | Reached skill level 9 in Axes
  3207 | D:6      | Reached skill level 5 in Armour
  3233 | D:6      | Reached XP level 8. HP: 38/70 MP: 8/8
  3246 | D:6      | Reached skill level 10 in Axes
  3252 | D:6      | Found a sand-covered staircase.
  3261 | Ossuary  | Entered an ossuary
  3853 | D:5      | Reached skill level 11 in Axes
  4720 | D:6      | Found a staircase to the Ecumenical Temple.
  4727 | Temple   | Entered the Ecumenical Temple
  4761 | Temple   | Became a worshipper of Warmaster Okawaru
  4818 | D:6      | Reached skill level 12 in Axes
  4818 | D:6      | Reached XP level 9. HP: 69/79 MP: 9/9
  5139 | D:7      | Reached * piety under Okawaru
  5140 | D:7      | Reached skill level 13 in Axes
  5171 | D:7      | Found a transporter.
  5175 | D:7      | Found a transporter.
  5184 | D:7      | Found a bloodstained altar of Trog.
  5441 | D:7      | Found a flagged portal.
  5447 | Bailey   | Entered a bailey
  5589 | Bailey   | Reached skill level 14 in Axes
  5634 | Bailey   | Reached ** piety under Okawaru
  5642 | Bailey   | Reached XP level 10. HP: 51/90 MP: 10/10
  6264 | Bailey   | Identified the +1 triple sword of Lumocw {freeze, rF+ rCorr
                  | Dex+3}
  6620 | Bailey   | Reached skill level 15 in Axes
  6829 | D:7      | Noticed AppleFox63's ghost (novice MiFi)
  6856 | D:7      | Noticed a moth of wrath
  7007 | D:8      | Reached *** piety under Okawaru
  7086 | D:8      | Found a staircase to the Lair.
  7125 | D:8      | Noticed Joseph
  7138 | D:8      | Killed Joseph
  7138 | D:8      | Reached **** piety under Okawaru
  7146 | D:8      | Reached skill level 16 in Axes
  7252 | D:8      | Noticed a two-headed ogre
  7261 | D:8      | Killed a two-headed ogre
  7262 | D:8      | Reached skill level 10 in Fighting
  7271 | D:8      | Reached XP level 11. HP: 94/100 MP: 4/11
  7799 | D:10     | Entered Level 10 of the Dungeon
  7809 | D:10     | Reached skill level 1 in Invocations
  7897 | D:9      | Found a basalt altar of Yredelemnul.
  7897 | D:9      | Noticed a centaur warrior
  7898 | D:9      | Noticed an orc knight
  7899 | D:9      | Found a transporter.
  7899 | D:9      | Noticed a five-headed hydra
  7911 | D:9      | Found a transporter.
  7932 | D:9      | Reached skill level 17 in Axes
  7998 | D:9      | Reached ***** piety under Okawaru
  8196 | D:9      | Found Qicefang's Weapon Boutique.
  8368 | D:9      | Paralysed by a hornet for 3 turns
  8557 | D:10     | Noticed a white ugly thing
  8572 | D:10     | Demolished by a white ugly thing

Illustrated notes

Levels and vault maps discovered:
D:1:      giann_forest_graveyard, layout_rooms, minmay_worlds_worst_comb
D:2:      layout_loops_ring, shapermc_ecumenical_altar_petra,
          dreamdust_wishing_well
D:3:      layout_basic, mainiacjoe_overflow_big_doors, serial_bayou,
          serial_bayou_pond_d, serial_bayou_ford_a, serial_bayou_lake_a,
          serial_bayou_pond_b
D:4:      layout_loops_ring
D:5:      layout_loops_corners
D:6:      layout_rooms, minmay_temple_entry_fiery,
          nicolae_ossuary_entry_catacombs
D:7:      kennysheep_big_flooded_room, layout_rooms, serial_rivers,
          chequers_serial_rivers_room_b, chequers_serial_rivers_small_a,
          chequers_serial_rivers_micro_a, chequers_serial_rivers_room_a,
          enter_bailey_4, gammafunk_ghost_wrathful_warriors
D:8:      layout_cave_pools, due_lair_maze_entry_diamond,
          minmay_misc_feat_four_crosses, uniq_joseph
D:9:      layout_loops_cross, gammafunk_temple_overflow_arena, serial_shops,
          nicolae_shop_bloodbath_and_beyond
D:10:     layout_cross, grunt_decor_resistance, uniq_fannar
Temple:   nicolae_temple_bog_church

Skill      XL: |  1  2  3  4  5  6  7  8  9 10 11 |
---------------+----------------------------------+-----
Fighting       | 4 5 7 8 10 | 10.7
Axes           | 3 4 5 6 7 9 12 14 16 17 | 17.3
Armour         | 4 5 6 7 |  7.7
Invocations    | 1 |  1.5
Shields        | |  3.2
Evocations     | |  0.5

Action                     |  1- 3 |  4- 6 |  7- 9 | 10-12 || total
---------------------------+-------+-------+-------+-------++-------
  Melee: War axe           |    96 |   152 |   268 |    33 ||   549
         Executioner's axe |       |       |       |   126 ||   126
  Throw: Javelin           |       |       |     1 |     4 ||     5
 Invoke: Heroism           |       |       |       |     2 ||     2
         Finesse           |       |       |       |     2 ||     2
    Use: Scroll            |       |    11 |     7 |     4 ||    22
         Potion            |       |     1 |     5 |     2 ||     8
 Armour: Scale mail        |    48 |     3 |       |       ||    51
         Plate armour      |       |    72 |   146 |   176 ||   394
  Dodge: Dodged            |    62 |    27 |    61 |    93 ||   243
  Block: Buckler           |    18 |    29 |    41 |     6 ||    94
         Other             |       |       |       |     4 ||     4

Table legend: (Time is in decaauts)
 A = Elapsed time spent in this place.
 B = Non-inter-level travel time spent in this place.
 C = Inter-level travel time spent in this place.
 D = Time resting spent in this place.
 E = Time spent auto-exploring this place.
 F = Levels seen in this place.
 G = Mean time per level.
                   A        B        C        D        E       F      G
               +--------+--------+--------+--------+--------+-----+--------+
         Total |   8695 |   8350 |    345 |    658 |   4840 |  13 |  668.8 |
       Dungeon |   6976 |   6642 |    334 |     21 |   4643 |  10 |  697.6 |
        Temple |     45 |     35 |     10 |      0 |      0 |   1 |   45.0 |
       Ossuary |    409 |    409 |      0 |     77 |    158 |   1 |  409.0 |
        Bailey |   1264 |   1264 |      0 |    560 |     39 |   1 | 1264.0 |
               +--------+--------+--------+--------+--------+-----+--------+

Top non-repeatable levels by time:
  Bailey: 1264 daAuts
     D:5: 953 daAuts
     D:3: 898 daAuts
     D:2: 805 daAuts
     D:6: 773 daAuts
     D:4: 763 daAuts
     D:8: 724 daAuts
     D:9: 650 daAuts
     D:7: 598 daAuts
     D:1: 583 daAuts
 Ossuary: 409 daAuts
    D:10: 225 daAuts
  Temple: 45 daAuts
